 Dungeon Crawl Stone Soup version 0.26-a0-830-g2a559e7be2 (webtiles) character file.

Game seed: 5792423467703708828

652640 Riddle the Skullcrusher (level 27, -19/259 HPs)
             Began as a Demonspawn Monk on Nov 15, 2020.
             Was the Champion of Makhleb.
             Demolished by a bennu (24 damage)
             ... on level 2 of the Tomb of the Ancients.
             The game lasted 02:35:22 (61335 turns).

Riddle the Skullcrusher (Demonspawn Monk)          Turns: 61335, Time: 02:35:23

Health: -19/259    AC: 39    Str: 23 (24) XL:     27
Magic:  31/31      EV:  8    Int:  8 (9)  God:    Makhleb [******]
Gold:   9048       SH:  0    Dex: 15 (20) Spells: 26/26 levels left

rFire    + + +     SeeInvis +   U - +7 great mace "Firestarter" {inner flame, rF++}
rCold    + + .     Faith    .   (shield currently unavailable)
rNeg     + + +     Spirit   .   e - +6 plate armour of Miracles {rN+ Int-5 Dex+5 SInv}
rPois    +         Reflect  .   (helmet unavailable)
rElec    +         Harm     +   i - scarf {rC+ rF+}
rCorr    +         Rampage  .   K - +1 pair of gloves "Zoath" {rN+ MR++ rCorr Stlth+}
MR       ++++.                  T - +3 pair of boots "Resadeh" {Harm rElec Regen+}
Stlth    ..........             I - amulet of Vitality {Regen+ HP+15}
HPRegen  1.33/turn              d - ring of Ziloi {rPois rN+}
MPRegen  0.22/turn              S - ring "Luihen" {Fire Str+3}

@: confused, marked, sanguine armour, held, slowed, studying Conjurations, very
slow
A: horns 3, clumsy 1, cold resistance 2, deformed body, demonic guardian 3,
icemail, augmentation 3, freezing cloud immunity, sanguine armour 3
}: 4/15 runes: barnacled, slimy, silver, gossamer
a: Minor Destruction, Lesser Servant of Makhleb, Major Destruction, Greater
Servant of Makhleb, Renounce Religion


You were on level 2 of the Tomb of the Ancients.
You worshipped Makhleb.
Makhleb was exalted by your worship.
You visited 12 branches of the dungeon, and saw 55 of its levels.
You visited the Abyss 2 times.
You also visited: Bailey.

You collected 11088 gold pieces.
You spent 2040 gold pieces at shops.

Inventory:

Hand Weapons
 U - the +7 great mace "Firestarter" (weapon) {inner flame, rF++}
   (You bought it in a shop on level 8 of the Dungeon)

   It has been specially enchanted to burn those struck by it, causing extra
   injury to most foes and up to half again as much damage against particularly
   susceptible opponents.
   It greatly protects you from fire.
Armour
 e - the +6 plate armour of Miracles (worn) {rN+ Int-5 Dex+5 SInv}
   (You found it in a bailey)

   It affects your intelligence (-5).
   It affects your dexterity (+5).
   It protects you from negative energy.
   It lets you see invisible.
 i - a scarf of resistance (worn)
 K - the +1 pair of gloves "Zoath" (worn) {rN+ MR++ rCorr Stlth+}
   (You found it on level 1 of the Abyss)

   It protects you from negative energy.
   It affects your resistance to hostile enchantments.
   It provides partial protection from all sources of acid and corrosion.
   It makes you more stealthy.
 T - the +3 pair of boots "Resadeh" (worn) {Harm rElec Regen+}
   (You acquired it on level 4 of the Spider Nest)

   It insulates you from electricity.
   It increases your rate of regeneration.
   It increases damage dealt and taken.
Jewellery
 d - the ring of Ziloi (left hand) {rPois rN+}
   (You found it on level 6 of the Lair of Beasts)

   [ring of positive energy]

   It protects you from poison.
   It protects you from negative energy.
 k - an uncursed ring of protection from cold
 y - the ring of the Devil's Advocate {rElec rPois Str+3 Int+6 Stlth+}
   (You found it on level 2 of the Crypt)

   [ring of intelligence]

   It affects your strength (+3).
   It affects your intelligence (+6).
   It insulates you from electricity.
   It protects you from poison.
   It makes you more stealthy.
 I - the amulet of Vitality (around neck) {Regen+ HP+15}
   (You found it on level 3 of the Crypt)

   [amulet of regeneration]

   It affects your health (+15).
   It increases your rate of regeneration.
 O - an uncursed ring of fire
 S - the ring "Luihen" (right hand) {Fire Str+3}
   (You found it on level 5 of the Vaults)

   [ring of fire]

   It enhances your fire magic.
   It affects your strength (+3).
   It protects you from fire.
   It makes you vulnerable to cold.
Wands
 l - a wand of iceblast (44)
 n - a wand of flame (182)
 z - a wand of polymorph (22)
 D - a wand of acid (33)
 E - a wand of digging (14)
 F - a wand of paralysis (73)
 H - a wand of disintegration (66)
 Q - a wand of enslavement (12)
Scrolls
 a - 2 scrolls of fog
 b - 9 scrolls of identify
 g - 10 scrolls of blinking
 h - 2 scrolls of amnesia
 j - 11 scrolls of magic mapping
 m - 27 scrolls of remove curse
 p - 29 scrolls of teleportation
 s - 21 scrolls of enchant armour
 A - 6 scrolls of immolation
 B - a scroll of brand weapon
 J - a scroll of silence
 M - 2 scrolls of summoning
 X - 13 scrolls of enchant weapon
 Z - 8 scrolls of fear
Potions
 c - 8 potions of attraction
 o - 10 potions of lignification
 q - 4 potions of berserk rage
 r - 18 potions of curing
 t - 5 potions of cancellation
 u - 6 potions of ambrosia
 v - 8 potions of haste
 w - 11 potions of mutation
 C - 7 potions of resistance
 L - 4 potions of magic
 P - 3 potions of invisibility
 V - 9 potions of flight
 Y - 5 potions of brilliance
Books
 G - a manual of Conjurations
Miscellaneous
 x - a phantom mirror
 R - a phial of floods


   Skills:
 * Level 25.8 Fighting
 O Level 27 Maces & Flails
 + Level 18.7 Armour
 + Level 13.8 Dodging
 - Level 1.7 Stealth
   Level 2.3 Shields
 - Level 2.6 Unarmed Combat
 - Level 10.8 Invocations


You had 26 spell levels left.
You didn't know any spells.
Your spell library contained the following spells:

 Spells                   Type           Power        Failure   Level
 Apportation              Tloc           #.....       96%         1
 Beastly Appendage        Tmut           #.....       96%         1
 Corona                   Hex            #......      96%         1
 Foxfire                  Conj/Fire      #...         96%         1
 Magic Dart               Conj           #...         96%         1
 Sandblast                Erth           #.....       96%         1
 Blink                    Tloc           N/A          99%         2
 Call Imp                 Summ           #.......     99%         2
 Ensorcelled Hibernation  Hex/Ice        #.....       99%         2
 Passwall                 Tmut/Erth      #.......     99%         2
 Poisonous Vapours        Pois/Air       #.....       99%         2
 Searing Ray              Conj           #.....       99%         2
 Slow                     Hex            #.......     99%         2
 Wereblood                Tmut           #.......     99%         2
 Confusing Touch          Hex            #.......     100%        3
 Conjure Flame            Conj/Fire      #.......     100%        3
 Dazzling Flash           Conj/Hex       #.....       100%        3
 Gell's Gravitas          Tloc           #.........   100%        3
 Ignite Poison            Fire/Tmut/Pois #.......     100%        3
 Inner Flame              Hex/Fire       #.......     100%        3
 Lesser Beckoning         Tloc           #.........   100%        3
 Mephitic Cloud           Conj/Pois/Air  #.......     100%        3
 Portal Projectile        Hex/Tloc       #.....       100%        3
 Spider Form              Tmut/Pois      #.........   100%        3
 Static Discharge         Conj/Air       #.......     100%        3
 Stone Arrow              Conj/Erth      #.....       100%        3
 Tukima's Dance           Hex            #.......     100%        3
 Cause Fear               Hex            #.........   100%        4
 Fulminant Prism          Conj/Hex       #.........   100%        4
 Ice Form                 Ice/Tmut       #.......     100%        4
 Iskenderun's Mystic Bla  Conj/Tloc      #.......     100%        4
 Leda's Liquefaction      Hex/Erth       #.........   100%        4
 Petrify                  Tmut/Erth      #.......     100%        4
 Sticky Flame             Conj/Fire      #.......     100%        4
 Alistair's Intoxication  Tmut/Pois      #........    100%        5
 Blade Hands              Tmut           #.........   100%        5
 Bolt of Magma            Conj/Fire/Erth #.........   100%        5
 Fireball                 Conj/Fire      #.........   100%        5
 Iskenderun's Battlesphe  Conj           #.......     100%        5
 Lee's Rapid Deconstruct  Erth           #.........   100%        5
 Lightning Bolt           Conj/Air       #.........   100%        5
 Metabolic Englaciation   Hex/Ice        #.........   100%        5
 Silence                  Hex/Air        #.........   100%        5
 Summon Demon             Summ           #.........   100%        5
 Summon Forest            Summ/Tloc      #.........   100%        5
 Yara's Violent Unravell  Hex/Tmut       #.........   100%        5
 Freezing Cloud           Conj/Ice/Air   #.........   100%        6
 Invisibility             Hex            #.......     100%        6
 Iron Shot                Conj/Erth      #.........   100%        6
 Starburst                Conj/Fire      #.........   100%        6
 Statue Form              Tmut/Erth      #........    100%        6
 Dragon Form              Tmut           #.........   100%        7
 Orb of Destruction       Conj           #.........   100%        7
 Spellforged Servitor     Conj/Summ      #.........   100%        7
 Discord                  Hex            #.........   100%        8
 Ignition                 Fire           #.........   100%        8
 Dragon's Call            Summ           #.........   100%        9
 Shatter                  Erth           #.........   100%        9
 Tornado                  Air            #.........   100%        9


Dungeon Overview and Level Annotations

Branches:
Dungeon (15/15)            Temple (1/1) D:5            Lair (6/6) D:9
 Shoals (4/4) Lair:4       Spider (4/4) Lair:3        Slime (5/5) Lair:5
    Orc (2/2) D:10            Elf (3/3) Orc:2        Vaults (5/5) D:14
  Crypt (3/3) Vaults:3       Tomb (2/3) Crypt:3      Depths (5/5) D:15
    Zot (0/5) Depths:5     Bailey (visited)

Altars:
Ashenzari
Cheibriados
Elyvilon
Fedhas
Gozag
Hepliaklqana
Kikubaaqudgha
Makhleb
Nemelex Xobeh
Qazlal
Ru
Trog
Xom
Yredelemnul
The Shining One
Beogh
Jiyva

Shops:
D:6 [   D:8 *(*   D:11 }   D:15 *   Orc:2 [*?*   Elf:3 :   Shoals:1 (
Shoals:4 *   Depths:1 (}}*   Depths:5 [?(

Portals:
Hell: Depths:1 Depths:2 Depths:3 Depths:4 Depths:5
Abyss: Depths:2 Depths:4
Pandemonium: Depths:2 Depths:3 Depths:5
Ziggurat: Depths:3

Annotations:
D:7 1 runed translucent door
Elf:3 exclusion: 2 doors


Innate Abilities, Weirdness & Mutations

You have a pair of large horns on your head.
Your flesh is very cold resistant. (rC++)
A powerful demonic guardian rushes to your aid.
A meltable icy envelope protects you from harm. (AC +0)
Your magical and physical power is greatly enhanced at high health.
You are immune to freezing clouds.
When seriously injured, your bleeding wounds create very thick armour. (AC +12)
You are clumsy. (Dex -2)
Armour fits poorly on your strangely shaped body.


Message History

The flying skull hits you but does no damage.
The bennu closely misses you. The bennu claws you but does no damage.
The bennu completely misses you. Something misses your balrug.
Something stings your balrug!!
Your balrug dies!
The flying skull hits you but does no damage.
The bennu pecks you but does no damage. The bennu claws you but does no damage.
The bennu closely misses you.
Unknown command.
Unknown command.
You are confused.
You feel invigorated. The bennu pecks you.
* * * LOW HITPOINT WARNING * * *
The bennu sears you!!
* * * LOW HITPOINT WARNING * * *
The bennu claws you but does no damage. x2; The flying skull barely misses you.
The bennu pecks you!
* * * LOW HITPOINT WARNING * * *
The bennu sears you!!
You die...

################
............§z@#
......^....§§§b#
...........zs§§#
...M........###§.#
..M..s......# #..#
^.....Z.....# #..#
..VWz..M....# #..#
§.$.sM...W.......#
§§..sMzV..M....


You could see an emperor scorpion (summoned), a bennu (inner flame) and a flying
skull (summoned).

Vanquished Creatures
  the Royal Jelly (Slime:5)
  Dissolution (Slime:4)
  3 ancient liches
  Mennas (Vaults:2)
  A juggernaut (Depths:2)
  A greater mummy (Tomb:1)
  Sojobo (Crypt:3)
  The ghost of Zaowoih the Warrior, a veteran GrFi of the Shining One (Crypt:2)
  Frederick (Crypt:1)
  Saint Roka (Crypt:2)
  Bai Suzhen (Depths:2)
  Xtahua (Depths:5)
  Jory (Vaults:3)
  4 golden dragons
  A bone dragon (Crypt:3)
  3 tentacled monstrosities
  13 liches
  Jorgrun (D:14)
  2 deep elf blademasters (Elf:3)
  The ghost of Morbidden the Basher, an adept DsFi of Vehumet (Spider:2)
  2 deep elf master archers (Elf:3)
  8 titans
  25 acid blobs
  3 quicksilver dragons
  4 ancient champions
  10 sphinxes
  9 tengu reavers
  2 shadow dragons
  Donald (Vaults:2)
  3 storm dragons
  14 azure jellies
  5 revenants
  10 fire giants
  2 orc warlords
  5 ghost moths
  3 iron dragons
  9 deep elf sorcerers
  Louise (Depths:4)
  A curse skull (Crypt:2)
  The ghost of Morbidden the Reanimator, a journeyman DsNe of Okawaru (Shoals:2)
  12 frost giants
  Aizul (Shoals:4)
  14 vault wardens
  7 emperor scorpions
  5 war gargoyles
  20 stone giants
  13 ghouls
  7 spriggan defenders
  6 deep elf elementalists
  A caustic shrike zombie (Crypt:1)
  A draconian annihilator (Depths:5)
  A draconian stormcaller (Depths:5)
  11 ironheart preservers
  2 grey draconians (Depths:5)
  10 very ugly things
  The ghost of Acosmix the Slicer, a journeyman GrFi of Okawaru (Lair:5)
  8 bennus (Tomb:1)
  An entropy weaver (shapeshifter) (Vaults:5)
  2 entropy weavers
  8 deep elf demonologists
  9 vampire knights
  2 yellow draconians (Depths:5)
  12 deep elf annihilators
  2 purple draconians (Depths:5)
  2 white draconians (Depths:5)
  20 spark wasps
  2 merfolk javelineers (Shoals:4)
  A green death (Abyss:1)
  5 deep elf death magi
  8 merfolk impalers
  17 ettins
  10 death oozes
  2 eidola
  10 fire dragons
  6 deep elf high priests
  6 mummy priests (Tomb:1)
  Josephine (D:12)
  15 great orbs of eyes
  4 crystal guardians
  11 yaktaur captains
  7 boulder beetles
  23 vault guards
  10 jiangshi
  4 rakshasas
  A boulder beetle (shapeshifter) (Depths:5)
  10 ice dragons
  4 hydras
  4 spriggan air magi
  11 centaur warriors
  6 merfolk aquamancers
  3 catoblepae
  3 death knights
  3 merfolk avatars
  28 two-headed ogres
  29 dancing weapons
  3 alligator snapping turtles
  2 satyrs (Shoals:3)
  15 deep troll shamans
  7 death scarabs
  10 ogre magi
  4 thrashing horrors
  8 deep troll earth magi
  3 tengu warriors
  10 vampire magi
  9 spriggan berserkers
  3 orc high priests (Orc:2)
  16 deep elf knights
  A soul eater (Depths:5)
  A sixfirhy (Abyss:1)
  A storm dragon zombie (Abyss:1)
  31 skeletal warriors
  A titan skeleton (Crypt:3)
  A fire crab (shapeshifter) (Depths:2)
  13 hell knights
  3 wretched stars
  A golden dragon zombie (Crypt:3)
  An entropy weaver zombie (Crypt:1)
  3 unseen horrors
  A ghost moth zombie (Crypt:3)
  6 iron trolls
  5 glowing orange brains
  3 shadow wraiths
  6 sea snakes
  An unseen horror (shapeshifter) (Elf:2)
  A gelid demonspawn (Depths:5)
  3 bog bodies
  6 wizards
  3 flayed ghosts
  43 deep trolls
  16 ironbrand convokers
  A harpy (shapeshifter) (D:11)
  An orange crystal statue (Vaults:2)
  16 phantasmal warriors
  9 deep elf archers
  A shadow dragon zombie (Abyss:3)
  14 orc knights
  19 orb spiders
  39 harpies
  2 wolf spider zombies
  5 salamanders
  15 necromancers
  11 orc sorcerers
  3 shining eyes
  5 cyclopes
  20 fauns
  62 deep elf magi
  51 wolf spiders
  10 manticores
  35 ugly things
  2 worldbinders (Abyss:1)
  7 moths of wrath
  9 elephants
  A frost giant zombie (Crypt:3)
  2 frost giant skeletons
  A moth of wrath (shapeshifter) (Depths:4)
  16 vault sentinels
  12 merfolk sirens
  3 apocalypse crabs (Abyss:1)
  3 black mambas
  2 fire giant skeletons (Crypt:3)
  A naga mage (D:15)
  2 smoke demons
  A water nymph (shapeshifter) (Depths:2)
  2 spectral iron trolls (Crypt:2)
  8 water nymphs
  A dire elephant skeleton (Abyss:3)
  3 torpor snails
  A gargoyle (D:11)
  A cane toad (shapeshifter) (D:13)
  A hellion (Depths:5)
  20 cane toads
  3 kobold demonologists (D:15)
  A rime drake (shapeshifter) (Elf:1)
  49 yaktaurs
  9 freezing wraiths
  17 demonic crawlers
  3 spectral deep trolls (Crypt:2)
  An ice devil (Abyss:3)
  A spark wasp simulacrum (Depths:1)
  3 ancient zymes
  11 komodo dragons
  An entropy weaver simulacrum (Spider:4)
  2 hellwings (Depths:5)
  A white draconian skeleton (Crypt:1)
  2 ghost moth simulacra (Spider:4)
  35 jumping spiders
  7 guardian mummies (Tomb:1)
  A purple draconian skeleton (Crypt:2)
  A queen bee (Spider:2)
  8 wind drakes
  27 merfolk
  9 polar bears
  2 spectral jumping spiders (Spider:4)
  3 meliai (Spider:2)
  32 blink frogs
  81 slime creatures
  26 hornets
  8 trolls
  An alligator zombie (Crypt:3)
  3 wolf spider simulacra
  10 dream sheep
  2 ettin zombies
  2 fire dragon zombies (Crypt:3)
  5 raiju (Abyss:1)
  A frost giant simulacrum (Depths:1)
  A meliai zombie (D:15)
  A fire giant simulacrum (Vaults:1)
  6 large abominations
  A tarantella zombie (Crypt:2)
  59 redbacks
  13 snapping turtles
  2 air elementals (Elf:1)
  A redback (shapeshifter) (Vaults:1)
  An ice dragon zombie (Crypt:3)
  38 flying skulls
  3 shadows (D:15)
  9 wraiths
  4 ynoxinuls
  21 spriggans
  54 tarantellas
  An ettin skeleton (Abyss:3)
  A spriggan (shapeshifter) (Vaults:3)
  A vampire (D:13)
  12 wyverns
  A hog (shapeshifter) (Vaults:4)
  33 yaks
  A human (shapeshifter) (Vaults:2)
  2 fire elementals
  23 water elementals
  4 ushabtiu (Tomb:1)
  15 humans (D:14)
  6 golden eyes
  A golden eye (shapeshifter) (Depths:1)
  A neqoxec (Abyss:1)
  14 vampire mosquitoes
  2 redback simulacra (Spider:4)
  A yaktaur simulacrum (Vaults:2)
  A steam dragon (shapeshifter) (Depths:3)
  3 chaos spawn
  2 basilisks
  An insubstantial wisp (Abyss:1)
  7 wargs
  A tengu zombie (Depths:1)
  4 acid dragons
  9 water moccasins
  A soldier ant (D:13)
  A soldier ant (shapeshifter) (Vaults:3)
  A deep troll skeleton (Crypt:2)
  3 floating eyes
  3 black bears
  An ice beast (D:8)
  43 orc warriors
  A phantom (D:12)
  4 sky beasts
  A hornet zombie (D:15)
  A monstrous demonspawn skeleton (Crypt:2)
  An alligator simulacrum (Abyss:3)
  2 elephant zombies (Lair:3)
  10 necrophages
  A black bear (shapeshifter) (Elf:2)
  24 ogres
  12 boggarts
  9 eyes of draining
  22 wolves
  A swamp dragon zombie (Crypt:2)
  13 centaurs
  A rime drake zombie (Crypt:2)
  2 komodo dragon zombies (Lair:3)
  3 big kobolds
  A fire crab zombie (Crypt:2)
  19 bullfrogs
  Blork the orc (D:6)
  2 earth elementals
  An orb spider simulacrum (Spider:4)
  6 small abominations
  33 scorpions
  2 water moccasin skeletons
  Dowan (D:6)
  2 wyvern skeletons
  16 killer bees
  4 wights (D:15)
  8 electric eels
  4 howler monkeys
  A quasit (Abyss:1)
  11 starcursed masses
  4 centaur zombies
  2 bullfrog zombies
  12 orc priests
  21 orc wizards
  Crazy Yiuf (D:3)
  A basilisk zombie (Lair:3)
  6 centaur skeletons
  7 hounds
  3 jellies
  4 iron imps
  2 iguanas
  Ijyb (D:3)
  12 worker ants
  7 hell rats (Lair:6)
  A killer bee zombie (D:8)
  A big kobold zombie (Crypt:2)
  A naga zombie (Crypt:1)
  An ogre skeleton (Crypt:2)
  A dwarf skeleton (Crypt:2)
  2 hound skeletons (D:5)
  8 mummies (Tomb:1)
  10 gnolls
  10 adders
  A howler monkey skeleton (D:9)
  A swamp drake zombie (Crypt:2)
  6 white imps
  An ufetubus (Abyss:1)
  An ooze (D:1)
  3 worms
  2 adder zombies
  A lava snake skeleton (Crypt:1)
  2 leopard geckos (D:1)
  94 orcs
  4 giant cockroaches
  8 goblins
  15 hobgoblins
  15 jackals
  22 kobolds
  6 quokkas
  A ball python (D:5)
  10 bats
  7 frilled lizards
  A gnoll skeleton (Crypt:2)
  2 leopard gecko skeletons
  A quokka skeleton (D:5)
  8 rats
  3 bushes
  6 crawling corpses (Vaults:5)
  A fire vortex (Depths:1)
  A lurking horror (Abyss:1)
  A plant (Shoals:2)
  2 starspawn tentacles (Abyss:1)
2585 creatures vanquished.

Vanquished Creatures (collateral kills)
  An ancient lich (Tomb:1)
  Rupert (D:12)
  A tentacled monstrosity (Abyss:1)
  The ghost of kuniqs the Tortoise, an adept MiBe of Trog (Spider:4)
  A titan (Depths:2)
  4 acid blobs
  2 tentacled starspawn (Abyss:1)
  2 azure jellies
  Roxanne (Spider:1)
  A frost giant (Vaults:5)
  2 vault wardens (Vaults:5)
  6 very ugly things
  A vampire knight (Depths:2)
  A stone giant (Vaults:4)
  An entropy weaver (Spider:4)
  2 ironheart preservers
  A merfolk javelineer (Shoals:4)
  2 ettins
  Snorg (Lair:6)
  2 death oozes (Slime:5)
  A deep elf high priest (Vaults:5)
  A great orb of eyes (Slime:5)
  2 vault guards (Vaults:5)
  A boulder beetle (D:12)
  2 hydras
  A merfolk aquamancer (Shoals:3)
  A centaur warrior (D:14)
  6 two-headed ogres
  A hell hog (Abyss:1)
  2 dancing weapons (Elf:2)
  A tengu warrior (D:14)
  2 deep troll earth magi (Depths:2)
  2 vampire magi (Depths:1)
  Sonja (Lair:6)
  3 skeletal warriors (Crypt:2)
  4 hell knights
  An unseen horror (D:11)
  5 deep trolls
  2 glowing orange brains
  A spectral emperor scorpion (Spider:4)
  Pikel (D:6)
  2 wizards
  2 orb spiders
  A necromancer (Abyss:3)
  5 harpies
  An orc sorcerer (Orc:1)
  2 fauns (Shoals:3)
  A cyclops (D:12)
  A deep elf mage (Vaults:5)
  A wolf spider (Spider:2)
  3 ugly things
  3 merfolk sirens
  A vault sentinel (Vaults:4)
  2 large abominations (Abyss:1)
  2 gargoyles (D:10)
  A centaur zombie (D:11)
  A water nymph (Shoals:3)
  A smoke demon (Abyss:1)
  3 komodo dragons
  A rime drake (Lair:6)
  6 yaktaurs
  An efreet (Abyss:2)
  2 tengu conjurers
  A merfolk (shapeshifter) (Abyss:3)
  An ancient zyme (Abyss:3)
  2 merfolk (Shoals:2)
  2 hornets (D:9)
  A troll (D:9)
  A jumping spider (Spider:1)
  Grinder (D:3)
  13 blink frogs
  A wind drake (Shoals:4)
  A raiju (Abyss:3)
  8 slime creatures
  A snapping turtle (Shoals:2)
  4 dream sheep
  A spriggan (Lair:6)
  3 redbacks
  2 vampires
  4 tarantellas
  3 humans (D:14)
  A wyvern (D:11)
  A ynoxinul (Abyss:1)
  A chaos spawn (Abyss:3)
  2 wraiths (D:12)
  15 yaks
  2 basilisks
  2 golden eyes
  Duvessa (D:6)
  2 water moccasins
  4 orc warriors
  A black bear (Lair:6)
  2 phantoms
  An eye of draining (Slime:5)
  4 wolves
  A necrophage (Crypt:2)
  4 ogres
  A centaur (D:9)
  A lemure (D:6)
  A big kobold (D:11)
  A bullfrog (Lair:4)
  2 scorpions (Spider:2)
  A wyvern skeleton (D:9)
  3 killer bees (D:10)
  2 electric eels
  4 orc wizards (Orc:2)
  3 orc priests
  A bullfrog skeleton (D:13)
  2 jellies
  3 worker ants
  A mummy (Tomb:1)
  An ufetubus (Abyss:1)
  An adder zombie (D:9)
  7 orcs
  2 jackals (D:10)
  A crawling corpse (Vaults:5)
  2 starspawn tentacles (Abyss:1)
252 creatures vanquished.

Vanquished Creatures (others)
  2 ironheart preservers (Vaults:5)
  4 vault guards (Vaults:5)
  2 deep elf magi
  A swamp worm (shapeshifter) (Vaults:4)
  An ogre (Vaults:5)
  An orc priest (Orc:2)
  An orc wizard (Orc:2)
  An orc (Orc:2)
  A kobold (D:10)
  29 fungi
  144 plants
  4 starspawn tentacles (Abyss:1)
191 creatures vanquished.

Grand Total: 3028 creatures vanquished

Notes
Turn   | Place    | Note
-------+----------+-------------------------------------------
     0 | D:1      | Riddle the Demonspawn Monk began the quest for the Orb.
     0 | D:1      | Reached XP level 1. HP: 18/18 MP: 1/1
   311 | D:1      | Gained mutation: A weak demonic guardian rushes to your
                  | aid. [demonic ancestry]
   311 | D:1      | Reached XP level 2. HP: 18/24 MP: 2/2
   873 | D:1      | Gained mutation: When seriously injured, your bleeding
                  | wounds create armour. (AC +12) [demonic ancestry]
   873 | D:1      | Reached XP level 3. HP: 30/30 MP: 3/3
  2192 | D:2      | Found a broken altar of Ashenzari.
  2289 | D:2      | Reached XP level 4. HP: 34/38 MP: 4/4
  2297 | D:2      | Reached skill level 5 in Fighting
  3034 | D:3      | Noticed Grinder
  3386 | D:3      | Found a runed translucent door.
  3387 | D:3      | Noticed Crazy Yiuf
  3530 | D:3      | Paralysed by Grinder for 7 turns
  3763 | D:3      | Noticed Ijyb
  3788 | D:3      | Killed Ijyb
  3789 | D:3      | Reached XP level 5. HP: 29/46 MP: 5/5
  4103 | D:3      | Paralysed by Grinder for 7 turns
  4110 | D:3      | Killed Grinder
  4111 | D:3      | Reached XP level 6. HP: 22/53 MP: 6/6
  5289 | D:4      | Found a sparkling altar of Nemelex Xobeh.
  5289 | D:4      | Found an opulent altar of Gozag.
  5338 | D:4      | Found a glowing golden altar of the Shining One.
  5758 | D:5      | Entered Level 5 of the Dungeon
  5877 | D:5      | Got a pair of smoking boots
  5888 | D:5      | Identified the +1 pair of boots of the Five Blessings
                  | {*Corrode Regen+ Str+8 Int-3} (You found it on level 5 of
                  | the Dungeon)
  6050 | D:3      | Killed Crazy Yiuf
  6051 | D:3      | Reached skill level 1 in Shields
  6293 | D:5      | Reached skill level 1 in Armour
  6403 | D:5      | Found a staircase to the Ecumenical Temple.
  6436 | D:5      | Gained mutation: A demonic guardian rushes to your aid.
                  | [demonic ancestry]
  6436 | D:5      | Reached XP level 7. HP: 42/60 MP: 7/7
  6453 | Temple   | Entered the Ecumenical Temple
  6506 | Temple   | Became a worshipper of Makhleb the Destroyer
  6506 | Temple   | Reached * piety under Makhleb
  6506 | Temple   | Reached ** piety under Makhleb
  6808 | D:5      | Found an ancient bone altar of Kikubaaqudgha.
  7044 | D:5      | Found a sacrificial altar of Ru.
  7044 | D:5      | Found a white marble altar of Elyvilon.
  7064 | D:6      | Noticed Blork the orc
  7161 | D:6      | Reached skill level 1 in Invocations
  7250 | D:6      | Killed Blork the orc
  7365 | D:6      | Noticed Pikel
  7376 | D:6      | Killed Pikel
  7377 | D:6      | Reached XP level 8. HP: 67/67 MP: 10/12
  7454 | D:6      | Noticed Duvessa
  7454 | D:6      | Noticed Dowan
  7461 | D:6      | Killed Dowan
  7462 | D:6      | Killed Duvessa
  7726 | D:6      | Found Barinlol's Antique Armour Shoppe.
  8013 | D:7      | Found a white marble altar of Elyvilon.
  8013 | D:7      | Noticed an angel
  8014 | D:7      | Found a runed translucent door.
  8521 | D:8      | Reached skill level 10 in Invocations
  8691 | D:8      | Found Puiss's Mayhem Merchandise.
  8795 | D:8      | Gained mutation: Your flesh is cold resistant. (rC+)
                  | [demonic ancestry]
  8795 | D:8      | Reached XP level 9. HP: 72/73 MP: 17/17
  8854 | D:8      | Found Tiemp's Demolitions Depot.
  8939 | D:8      | Found Dytec's Weapon Shoppe.
  9088 | D:8      | Reached *** piety under Makhleb
  9397 | D:9      | Noticed a two-headed ogre
  9400 | D:9      | Killed a two-headed ogre
  9419 | D:9      | Reached skill level 5 in Armour
  9494 | D:9      | Noticed a troll
  9500 | D:9      | Killed a troll
  9603 | D:9      | Found a staircase to the Lair.
  9716 | D:9      | Reached XP level 10. HP: 59/84 MP: 18/18
  9911 | D:10     | Entered Level 10 of the Dungeon
  9959 | D:10     | Noticed a gargoyle
  9965 | D:10     | Reached **** piety under Makhleb
  9968 | D:10     | Killed a gargoyle
  9969 | D:10     | Reached skill level 10 in Fighting
 10118 | D:10     | Noticed a gargoyle
 10121 | D:10     | Killed a gargoyle
 10294 | D:10     | Found a staircase to the Orcish Mines.
 10310 | D:10     | Found a runed translucent door.
 10595 | D:10     | Noticed a two-headed ogre
 10600 | D:10     | Killed a two-headed ogre
 10881 | D:10     | Found a roughly hewn altar of Beogh.
 11024 | D:11     | Noticed an unseen horror
 11031 | D:11     | Killed an unseen horror
 11043 | D:11     | Noticed an unseen horror
 11046 | D:11     | Killed an unseen horror
 11051 | D:11     | Reached ***** piety under Makhleb
 11303 | D:11     | Reached XP level 11. HP: 93/93 MP: 19/19
 11310 | D:11     | Noticed a two-headed ogre
 11321 | D:11     | Killed a two-headed ogre
 11367 | D:11     | Noticed a four-headed hydra
 11370 | D:11     | Killed a four-headed hydra
 11422 | D:11     | Noticed a harpy
 11428 | D:11     | Killed a harpy
 11711 | D:11     | Found Ilehouti's Gadget Boutique.
 12113 | D:12     | Noticed an unseen horror
 12123 | D:12     | Killed an unseen horror
 12124 | D:12     | Reached skill level 2 in Maces & Flails
 12170 | D:12     | Reached skill level 3 in Maces & Flails
 12275 | D:12     | Noticed a deep elf mage
 12276 | D:12     | Noticed a deep elf mage
 12284 | D:12     | Killed a deep elf mage
 12285 | D:12     | Reached skill level 4 in Maces & Flails
 12288 | D:12     | Killed a deep elf mage
 12289 | D:12     | Noticed Rupert
 12312 | D:12     | Killed Rupert
 12313 | D:12     | Reached skill level 6 in Maces & Flails
 12437 | D:12     | Noticed a boulder beetle
 12778 | D:12     | Killed a boulder beetle
 12779 | D:12     | Gained mutation: You have a pair of small horns on your
                  | head. [demonic ancestry]
 12779 | D:12     | Reached XP level 12. HP: 28/103 MP: 20/20
 13291 | D:12     | Noticed Josephine
 13298 | D:12     | Killed Josephine
 13299 | D:12     | Reached skill level 7 in Maces & Flails
 13727 | D:13     | Reached skill level 8 in Maces & Flails
 13805 | D:13     | Noticed a centaur warrior
 13819 | D:13     | Killed a centaur warrior
 13955 | D:13     | Reached skill level 9 in Maces & Flails
 14009 | D:13     | Noticed a two-headed ogre
 14018 | D:13     | Killed a two-headed ogre
 14154 | D:13     | Reached skill level 10 in Maces & Flails
 14577 | D:14     | Noticed a two-headed ogre
 14583 | D:14     | Killed a two-headed ogre
 14584 | D:14     | Reached skill level 11 in Maces & Flails
 14601 | D:14     | Noticed a tengu warrior
 14612 | D:14     | Killed a tengu warrior
 14812 | D:14     | Found an opulent altar of Gozag.
 14830 | D:14     | Noticed Jorgrun
 14973 | D:14     | Noticed a centaur warrior
 14981 | D:14     | Killed a centaur warrior
 15144 | D:8      | Bought the +7 great mace "Firestarter" {inner flame, rF++}
                  | for 925 gold pieces
 15144 | D:8      | Found the +7 great mace "Firestarter" {inner flame, rF++}
 15195 | Lair:1   | Entered Level 1 of the Lair of Beasts
 15200 | Lair:1   | Reached XP level 13. HP: 94/109 MP: 21/21
 15630 | Lair:1   | Reached skill level 12 in Maces & Flails
 16018 | Lair:2   | Reached ****** piety under Makhleb
 16352 | Lair:2   | Reached skill level 13 in Maces & Flails
 16983 | Lair:3   | Identified the +6 whip of the Lamprey {venom, rElec rF+
                  | Int+4}
 17088 | Lair:3   | Reached skill level 14 in Maces & Flails
 17496 | Lair:3   | Found a hole to the Spider Nest.
 17978 | Lair:4   | Found a staircase to the Shoals.
 18408 | Lair:4   | Gained mutation: You are immune to freezing clouds.
                  | [demonic ancestry]
 18408 | Lair:4   | Reached XP level 14. HP: 116/116 MP: 22/22
 19016 | Lair:1   | Identified 3 scrolls of acquirement
 19016 | Lair:1   | Acquired 543 gold pieces
 19018 | Lair:1   | Acquired a scarf of resistance
 19035 | Lair:1   | Acquired 887 gold pieces
 19196 | Lair:5   | Found a viscous altar of Jiyva.
 19196 | Lair:5   | Found a staircase to the Slime Pits.
 19243 | Lair:5   | Reached skill level 15 in Maces & Flails
 19373 | Lair:5   | Found a runed translucent gate.
 19373 | Lair:5   | Found a runed translucent gate.
 19374 | Lair:5   | Found a runed translucent gate.
 19374 | Lair:5   | Noticed Acosmix's ghost (journeyman GrFi)
 19793 | Lair:6   | Entered Level 6 of the Lair of Beasts
 20044 | Lair:6   | Reached skill level 16 in Maces & Flails
 20066 | Lair:6   | Got a sparkling iron ring
 20240 | Lair:6   | Noticed Sonja
 20248 | Lair:6   | Cast into level 1 of the Abyss (Sonja)
 20321 | Abyss:1  | Noticed a hellephant
 20459 | Abyss:1  | Noticed a tentacled starspawn
 20485 | Abyss:1  | Killed a tentacled starspawn
 20591 | Abyss:2  | Noticed a starcursed mass
 20596 | Abyss:3  | Found a corrupted altar of Lugonu.
 20614 | Abyss:3  | Found a blossoming altar of Fedhas.
 20633 | Abyss:3  | Reached skill level 17 in Maces & Flails
 20639 | Abyss:3  | Noticed an angel
 20744 | Abyss:3  | Gained mutation: You have a pair of horns on your head.
                  | [demonic ancestry]
 20744 | Abyss:3  | Reached XP level 15. HP: 81/97 MP: 23/23
 20784 | Abyss:3  | Noticed a tentacled starspawn
 20793 | Lair:6   | Escaped the Abyss
 20797 | Lair:6   | Killed Sonja
 20913 | Lair:6   | Noticed Snorg
 20925 | Lair:6   | Killed Snorg
 21234 | Lair:6   | Identified the ring of Ziloi {rPois rN+} (You found it on
                  | level 6 of the Lair of Beasts)
 21838 | Orc:1    | Entered Level 1 of the Orcish Mines
 21839 | Orc:1    | Paralysed by an orc sorcerer for 5 turns
 21875 | Orc:1    | Paralysed by an orc sorcerer for 6 turns
 21950 | Orc:1    | Reached skill level 18 in Maces & Flails
 21952 | Orc:1    | Noticed an orc warlord
 22036 | Orc:1    | Killed an orc warlord
 22101 | Orc:1    | Found a flagged portal.
 22131 | Bailey   | Entered a bailey
 22427 | Bailey   | Got a pitted plate armour
 22447 | Bailey   | Identified the +6 plate armour of Miracles {rN+ Int-5 Dex+5
                  | SInv} (You found it in a bailey)
 23224 | Orc:2    | Entered Level 2 of the Orcish Mines
 23540 | Orc:2    | Found a staircase to the Elven Halls.
 23609 | Orc:2    | Noticed an orc warlord
 23622 | Orc:2    | Killed an orc warlord
 24053 | Orc:2    | Found Gaadghor's Antique Armour Shoppe.
 24053 | Orc:2    | Found Nilistri's Assorted Antiques.
 24055 | Orc:2    | Found Huhesm's General Store.
 24055 | Orc:2    | Found Zoiledim's Magic Scroll Boutique.
 24064 | Orc:2    | Bought a potion of heal wounds for 90 gold pieces
 24065 | Orc:2    | Bought a scroll of teleportation for 36 gold pieces
 24065 | Orc:2    | Bought a scroll of identify for 24 gold pieces
 24067 | Orc:2    | Bought a scroll of enchant armour for 285 gold pieces
 24067 | Orc:2    | Bought a scroll of blinking for 285 gold pieces
 24702 | Spider:1 | Entered Level 1 of the Spider Nest
 25307 | Spider:1 | Noticed a ghost moth
 25315 | Spider:1 | Killed a ghost moth
 25339 | Spider:1 | Reached skill level 19 in Maces & Flails
 25891 | Spider:1 | Identified Roxanne's Grimoire of Clay
 25891 | Spider:1 | Noticed Roxanne
 26049 | Spider:1 | Killed Roxanne
 26050 | Spider:1 | Reached XP level 16. HP: 124/128 MP: 24/24
 26578 | Spider:2 | Reached skill level 20 in Maces & Flails
 26909 | Spider:2 | Noticed Morbidden's ghost (adept DsFi)
 26914 | Spider:2 | Found a transporter.
 27173 | Spider:2 | Found a transporter.
 27632 | Spider:3 | Reached skill level 21 in Maces & Flails
 28554 | Spider:4 | Entered Level 4 of the Spider Nest
 28567 | Spider:4 | Gained mutation: A meltable icy envelope protects you from
                  | harm. (AC +0) [demonic ancestry]
 28567 | Spider:4 | Reached XP level 17. HP: 120/134 MP: 25/25
 28694 | Spider:4 | Found a runed translucent gate.
 28694 | Spider:4 | Found a runed translucent gate.
 28694 | Spider:4 | Found a runed translucent gate.
 28694 | Spider:4 | Noticed kuniqs's ghost (adept MiBe)
 28938 | Spider:4 | Reached skill level 22 in Maces & Flails
 29549 | Spider:4 | Got a gossamer rune of Zot
 30344 | D:14     | Found a bloodstained altar of Trog.
 30400 | D:14     | Killed Jorgrun
 30561 | D:14     | Found a gate to the Vaults.
 30608 | D:14     | Acquired the ring of Seriatri {rElec rN+ Str-5 Dex+4}
 30686 | D:15     | Entered Level 15 of the Dungeon
 30686 | D:15     | Found Kuaqeipt's Assorted Antiques.
 30727 | D:15     | Reached skill level 10 in Armour
 30868 | D:15     | Bought a ruby potion for 25 gold pieces
 31342 | D:15     | Found a staircase to the Depths.
 31501 | Depths:1 | Entered Level 1 of the Depths
 31514 | D:15     | Gained mutation: When seriously injured, your bleeding
                  | wounds create thick armour. (AC +12) [demonic ancestry]
 31514 | D:15     | Reached XP level 18. HP: 134/143 MP: 26/26
 31536 | Depths:1 | Paralysed by a wizard for 7 turns
 31822 | Shoals:1 | Entered Level 1 of the Shoals
 32191 | Shoals:1 | Found Fishue's Weapon Boutique.
 32858 | Shoals:2 | Found a runed translucent gate.
 32858 | Shoals:2 | Found a runed translucent gate.
 32858 | Shoals:2 | Found a runed translucent gate.
 32858 | Shoals:2 | Identified the +3 mace of Contention {holy, rPois Str+6}
 32859 | Shoals:2 | Noticed Morbidden's ghost (journeyman DsNe)
 33091 | Shoals:2 | Killed Morbidden's ghost
 33096 | Shoals:2 | Reached skill level 5 in Dodging
 34083 | Shoals:4 | Entered Level 4 of the Shoals
 34136 | Shoals:4 | Found Vatutruw's General Store.
 34153 | Shoals:4 | Bought a potion of curing for 48 gold pieces
 34153 | Shoals:4 | Bought a potion of curing for 48 gold pieces
 34153 | Shoals:4 | Bought a potion of heal wounds for 80 gold pieces
 34153 | Shoals:4 | Bought a potion of ambrosia for 128 gold pieces
 34530 | Shoals:4 | Noticed Aizul
 34541 | Shoals:4 | Killed Aizul
 34553 | Shoals:4 | Gained mutation: When seriously injured, your bleeding
                  | wounds create very thick armour. (AC +12) [demonic
                  | ancestry]
 34553 | Shoals:4 | Reached XP level 19. HP: 95/153 MP: 27/27
 34637 | Shoals:4 | Got a barnacled rune of Zot
 35521 | Vaults:1 | Entered Level 1 of the Vaults
 36038 | Vaults:1 | Reached skill level 15 in Fighting
 36927 | Vaults:2 | Reached skill level 23 in Maces & Flails
 37042 | Vaults:2 | Noticed Mennas
 37354 | Vaults:2 | Killed Mennas
 37885 | Vaults:2 | Noticed Donald
 37894 | Vaults:2 | Killed Donald
 37965 | Vaults:2 | Reached XP level 20. HP: 164/164 MP: 28/28
 38598 | Vaults:3 | Noticed Jory
 38612 | Vaults:3 | Killed Jory
 38762 | Vaults:3 | Found a staircase to the Crypt.
 38976 | Vaults:3 | Got a pair of fine gloves
 38977 | Vaults:3 | Identified the +0 pair of gloves "Raigukhla" {Str+5} (You
                  | found it on level 3 of the Vaults)
 40097 | Vaults:5 | Entered Level 5 of the Vaults
 40158 | Vaults:5 | Gained mutation: You have a pair of large horns on your
                  | head. [demonic ancestry]
 40158 | Vaults:5 | Reached XP level 21. HP: 174/174 MP: 29/29
 40169 | Vaults:5 | Reached skill level 15 in Armour
 40420 | Vaults:5 | Reached skill level 10 in Dodging
 40724 | Vaults:5 | Got a silver rune of Zot
 40762 | Vaults:5 | Noticed an ancient lich
 40765 | Vaults:5 | Paralysed by an ancient lich for 6 turns
 40774 | Vaults:5 | Killed an ancient lich
 41246 | Vaults:5 | Got a glittering wooden ring
 41248 | Vaults:5 | Got a coiled glass ring
 41269 | Vaults:5 | Got a slimy emerald amulet
 41277 | Vaults:5 | Identified the amulet of Tonnynac {Spirit Str+2 Int+3
                  | Dex-2} (You found it on level 5 of the Vaults)
 41278 | Vaults:5 | Identified the cursed ring of the Eagle {*Corrode rPois
                  | EV-4 SInv} (You found it on level 5 of the Vaults)
 41279 | Vaults:5 | Identified the ring "Luihen" {Fire Str+3} (You found it on
                  | level 5 of the Vaults)
 41693 | Lair:5   | Killed Acosmix's ghost
 41724 | Slime:1  | Entered Level 1 of the Pits of Slime
 41750 | Slime:1  | Gained mutation: A powerful demonic guardian rushes to your
                  | aid. [demonic ancestry]
 41750 | Slime:1  | Reached XP level 22. HP: 185/185 MP: 25/30
 42735 | Slime:4  | Gained mutation: Your body sometimes deteriorates upon
                  | taking damage. [a shining eye]
 42815 | Slime:5  | Entered Level 5 of the Pits of Slime
 42847 | Slime:5  | Noticed the Royal Jelly
 43386 | Slime:3  | Gained mutation: You are clumsy. (Dex -2) [a shining eye]
 43459 | Slime:3  | Paralysed by a floating eye for 2 turns
 43680 | Slime:2  | You fall into a shaft and drop 2 floors!
 43682 | Slime:4  | Noticed Dissolution
 43742 | Slime:4  | Killed Dissolution
 44102 | Slime:5  | Gained mutation: Armour fits poorly on your strangely
                  | shaped body. [a shining eye]
 44132 | Slime:5  | Gained mutation: Your body often deteriorates upon taking
                  | damage. [a shining eye]
 44146 | Slime:5  | Paralysed by a great orb of eyes for 3 turns
 44183 | Slime:5  | Killed the Royal Jelly
 44393 | Slime:5  | Got a slimy rune of Zot
 44448 | Slime:5  | Got a slimy mace
 44449 | Slime:5  | Identified the cursed +1 mace of Pyromania {venom, MR+
                  | Str+3} (You found it on level 5 of the Pits of Slime)
 44486 | Slime:5  | Identified Nanail's Catalogue of Earthen Execration
 45249 | Elf:1    | Entered Level 1 of the Elven Halls
 45389 | Elf:1    | You fall into a shaft and drop 1 floor!
 45405 | Elf:2    | Reached skill level 24 in Maces & Flails
 45606 | Elf:2    | Found a runed translucent gate.
 45606 | Elf:2    | Found a runed translucent gate.
 45607 | Elf:2    | Found a runed translucent gate.
 45756 | Elf:2    | Reached XP level 23. HP: 194/194 MP: 31/31
 46022 | Elf:2    | Cast into level 1 of the Abyss (deep elf mage)
 46095 | Abyss:1  | Got a pair of polished gloves
 46103 | Abyss:1  | Identified the +1 pair of gloves "Zoath" {rN+ MR++ rCorr
                  | Stlth+} (You found it on level 1 of the Abyss)
 46181 | Abyss:1  | Paralysed by accursed screaming for 1 turns
 46547 | Elf:2    | Escaped the Abyss
 47302 | Elf:1    | Identified the Almanac of the Candlemaker
 47464 | Elf:3    | Entered Level 3 of the Elven Halls
 47640 | Elf:3    | Found the +5 robe of Night {Dark MR+ SInv}
 47655 | Elf:3    | Got a translucent steel ring
 47658 | Elf:3    | Identified the ring of the Scavenger {rF+ rN+ Str-4 Dex+6
                  | SInv} (You found it on level 3 of the Elven Halls)
 47706 | Elf:3    | Identified the Compendium of Cloudy Venom
 47724 | Elf:3    | Got a translucent iron ring
 47730 | Elf:3    | Identified the ring "Zeaqyi" {rElec MR+} (You found it on
                  | level 3 of the Elven Halls)
 47755 | Elf:3    | Got crude quicksilver dragon scales
 47757 | Elf:3    | Identified the quicksilver dragon scales of Decompression
                  | {Harm *Drain rPois MR+ Int-5} (You found it on level 3 of
                  | the Elven Halls)
 48179 | Elf:3    | Found Jigug's Book Emporium.
 48961 | Depths:1 | Found Misimuf's Antique Weapon Shoppe.
 49024 | Depths:1 | Identified the +10 battleaxe "Faevot Fusy" {freeze, rPois
                  | rF+++ Str-4 Dex+2}
 49256 | Depths:1 | You fall into a shaft and drop 1 floor!
 49265 | Depths:2 | Gained mutation: Your magical and physical power is
                  | slightly enhanced at high health. [demonic ancestry]
 49265 | Depths:2 | Reached XP level 24. HP: 176/208 MP: 29/31
 49293 | Depths:2 | Reached skill level 25 in Maces & Flails
 49362 | Depths:2 | Noticed a juggernaut
 49373 | Depths:2 | Killed a juggernaut
 49541 | Depths:2 | Identified the +9 flail "Rihek" {vamp, +Blink rPois rC+
                  | Str-4}
 49762 | Depths:2 | Found a gateway to Hell.
 49797 | Depths:2 | Found a one-way gate leading to the halls of Pandemonium.
 49831 | Depths:2 | Noticed Bai Suzhen
 49846 | Depths:2 | Killed Bai Suzhen
 49974 | Depths:2 | Found a one-way gate to the infinite horrors of the Abyss.
 50872 | Spider:2 | Killed Morbidden's ghost
 50872 | Spider:2 | Paralysed by a hornet for 1 turns
 50891 | Spider:2 | Got an ancient emerald amulet
 50898 | Spider:2 | Got a heavily runed ivory ring
 50900 | Spider:2 | Identified the amulet "Wyavetobb" {RegenMP Str+3 Int+3}
                  | (You found it on level 2 of the Spider Nest)
 50901 | Spider:2 | Identified the ring "Suunney" {rPois Dex+4 Stlth+} (You
                  | found it on level 2 of the Spider Nest)
 50903 | Spider:2 | Acquired 585 gold pieces
 51415 | Depths:1 | Found Hetinit's General Store.
 51423 | Depths:1 | Bought a scroll of fear for 42 gold pieces
 51505 | Depths:1 | Found Gyhus's Gadget Shop.
 51506 | Depths:1 | Found Raget's Jewellery Shoppe.
 51507 | Depths:1 | Found Muocasch's Gadget Shop.
 51558 | Depths:1 | Found an opulent altar of Gozag.
 52125 | Depths:3 | Gained mutation: Your magical and physical power is
                  | enhanced at high health. [demonic ancestry]
 52125 | Depths:3 | Reached XP level 25. HP: 219/219 MP: 31/31
 52434 | Depths:3 | Found a gateway to a ziggurat.
 52691 | Depths:4 | Reached skill level 26 in Maces & Flails
 53255 | Spider:4 | Killed kuniqs's ghost
 53276 | Spider:4 | Acquired the +3 pair of boots "Resadeh" {Harm rElec Regen+}
 54132 | Depths:4 | Noticed Louise
 54142 | Depths:4 | Killed Louise
 54788 | Depths:5 | Entered Level 5 of the Depths
 54808 | Depths:5 | Got a slimy golden ring
 54878 | Depths:4 | Identified the ring of Discretion {rC- rCorr MP+9 Str+9}
                  | (You found it on level 5 of the Depths)
 54907 | Depths:5 | Found an opulent altar of Gozag.
 54944 | Depths:5 | Found Foco's Weapon Shoppe.
 54946 | Depths:5 | Found Bautzyoc's Magic Scroll Emporium.
 54950 | Depths:5 | Found Gideshr Lika's Antique Armour Shoppe.
 54955 | Depths:5 | Bought a scroll of fog for 24 gold pieces
 55118 | Depths:5 | Noticed Xtahua
 55409 | Depths:5 | Killed Xtahua
 55588 | Depths:5 | Reached skill level 27 in Maces & Flails
 55700 | Depths:5 | Found a gate to the Realm of Zot.
 55970 | Depths:4 | Gained mutation: Your magical and physical power is greatly
                  | enhanced at high health. [demonic ancestry]
 55970 | Depths:4 | Reached XP level 26. HP: 205/231 MP: 31/31
 56637 | Crypt:1  | Entered Level 1 of the Crypt
 56652 | Crypt:1  | Noticed Frederick
 56657 | Crypt:1  | Killed Frederick
 57357 | Crypt:2  | Identified the +3 leather armour of the Evening Star {rC+
                  | Regen+ Str+4 Stlth+}
 57424 | Crypt:2  | Noticed Saint Roka
 57426 | Crypt:2  | Found a transporter.
 57426 | Crypt:2  | Noticed an ancient lich
 57432 | Crypt:2  | Killed Saint Roka
 57509 | Crypt:2  | Identified the Volume of the Entourage and Malediction
 57622 | Crypt:2  | Found a transporter.
 57726 | Crypt:2  | Found a runed translucent gate.
 57726 | Crypt:2  | Found a runed translucent gate.
 57726 | Crypt:2  | Found a runed translucent gate.
 57726 | Crypt:2  | Noticed Zaowoih's ghost (veteran GrFi)
 57902 | Crypt:2  | Killed Zaowoih's ghost
 57965 | Crypt:2  | Killed an ancient lich
 58017 | Crypt:2  | Got a vibrating turquoise ring
 58030 | Crypt:2  | Identified the ring of the Devil's Advocate {rElec rPois
                  | Str+3 Int+6 Stlth+} (You found it on level 2 of the Crypt)
 58072 | Crypt:3  | Entered Level 3 of the Crypt
 58388 | Crypt:3  | Noticed Sojobo
 58399 | Crypt:3  | Killed Sojobo
 58441 | Crypt:3  | Found a basalt altar of Yredelemnul.
 58448 | Crypt:3  | Found the amulet of Vitality {Regen+ HP+15}
 58500 | Crypt:3  | Noticed an ancient lich
 58506 | Crypt:3  | Killed an ancient lich
 58597 | Crypt:3  | Reached XP level 27. HP: 240/240 MP: 31/31
 58782 | Crypt:3  | Found a staircase to the Tomb.
 59038 | Tomb:1   | Entered Level 1 of the Tomb of the Ancients
 60257 | Tomb:1   | Noticed a greater mummy
 60257 | Tomb:1   | Noticed an ancient lich
 60288 | Tomb:1   | Killed an ancient lich
 60679 | Tomb:1   | Killed a greater mummy
 60806 | Tomb:1   | Lost mutation: Your body often deteriorates upon taking
                  | damage. [potion of mutation]
 60806 | Tomb:1   | Lost mutation: Your body sometimes deteriorates upon taking
                  | damage. [potion of mutation]
 60806 | Tomb:1   | Gained mutation: Your flesh is very cold resistant. (rC++)
                  | [potion of mutation]
 61316 | Tomb:2   | Noticed a greater mummy
 61316 | Tomb:2   | Noticed a greater mummy
 61317 | Tomb:2   | Noticed a greater mummy
 61318 | Tomb:2   | Noticed a greater mummy
 61335 | Tomb:2   | HP: 5/259 [bennu (10)]
 61335 | Tomb:2   | Demolished by a bennu

Illustrated notes

Levels and vault maps discovered:
D:1:      dpeg_arrival_windows_large_door, layout_basic, minmay_3d_cube
D:2:      layout_loops_cross, nicolae_overflow_crystal_walls,
          minmay_fountain_box, minmay_small_reverse_x
D:3:      layout_loops_ring, uniq_crazy_yiuf_cottage, uniq_ijyb, uniq_grinder
D:4:      kennysheep_big_flooded_room, layout_basic, grunt_temple_overflow_open
D:5:      layout_basic, gammafunk_temple_overflow_wave, temple_fountains,
          basic_altar
D:6:      layout_basic, serial_shops, shop, uniq_duvessa, uniq_pikel,
          uniq_blork_the_orc
D:7:      layout_basic, chequers_serial_rivers_micro_c, lemuel_angel_altar
D:8:      layout_loops_ring, serial_shops, shop_fountains,
          nicolae_blasting_shop, minmay_shop_mayhem
D:9:      layout_rooms, dpeg_oklobed_lair
D:10:     layout_grid_maze, orc_0_dummy, lightli_church_of_beogh
D:11:     layout_cave_pools, serial_shops, shop, minmay_the_grid_2x2
          [minmay_the_grid_aliased_spiral, minmay_the_grid_embedded,
          minmay_the_grid_broken_lines, minmay_the_grid_prize_four_corners]
D:12:     layout_basic, uniq_josephine, uniq_rupert
D:13:     layout_gridville
D:14:     layout_long_grid, grunt_vaults_entry_tiered,
          lemuel_coloured_pillars_altar, grunt_gozag_statues, uniq_jorgrun
D:15:     grunt_enter_depths_magical_seal, layout_basic,
          hangedman_abyss_or_decor_lesser_grid, serial_shops,
          nicolae_shop_statue_plus
Temple:   eino_temple_scatter_basement
Lair:1:   layout_gridlike
Lair:2:   layout_regular_city, grunt_megastairs_2, infiniplex_staircase_pool
Lair:3:   pond_and_an_island_with_a_cottage, layout_loops_ring,
          spider_nest_entry_rubble
Lair:4:   layout_cave_pods, minmay_shoals_entry_centaurs, serial_bayou_shore_b
Lair:5:   layout_long_grid, slime_altar_1, ebering_ghost_rock_garden,
          st_stairs_4, grunt_megastairs_5
Lair:6:   minmay_lair_end_enchanted_forest, layout_hall_layers,
          chequers_serial_rivers_marsh, chequers_serial_rivers_micro_a,
          serial_bayou_shore_b, uniq_snorg, uniq_sonja
Shoals:1: cheibrodos_shoals_roost, layout_shoals, serial_shops,
          nicolae_shop_trees
Shoals:2: cheibrodos_shoals_baths, layout_shoals, gammafunk_ghost_split
Shoals:3: layout_shoals, nicolae_shoals_water_shrine
Shoals:4: shoals_end_hangedman, layout_shoals, serial_shops, shop_statue,
          yaktaur_hedge, uniq_aizul
Spider:1: layout_spider_delve, uniq_roxanne
Spider:2: spiders_nest_a, gammafunk_ghost_berserking_beasts, special_room
          [special_room_bee], einodemon_crawler_minivault,
          nicolae_spider_cling_halls
Spider:3: layout_spider_delve, nicolae_spider_cling_ruins
Spider:4: spider_rune_water, gammafunk_ghost_necromancy,
          nicolae_spider_circle_web
Slime:1:  layout_caves
Slime:2:  layout_caves
Slime:3:  layout_caves
Slime:4:  layout_caves, uniq_dissolution
Slime:5
Orc:1:    cheibrodos_orc_bank, layout_diamond_mine, enter_bailey_8
Orc:2:    grunt_orc_tribal_feast, layout_caves
Elf:1:    layout_loops_corners, minmay_elf_sorcery
Elf:2:    layout_geoelf_octagon, uniq_louise
Elf:3:    elf_hall, layout_geoelf_grid, serial_shops, shop_fountains,
          st_stairs_6
Vaults:1: nicolae_vaults_circle_grid_a, vaults_mumra_minichess_inversion,
          vaults_mumra_hex, ontoclasm_vaults_claustrophobia,
          hangedman_vaults_restitches, ontoclasm_vaults_ligature,
          grunt_vaults_hallway_long, v_pattern_5, v_misc_12,
          vaults_dpeg_diagonal, st_cells, layout_vaults_omnigrid
Vaults:2: hangedman_vaults_nails, v_misc_23, nicolae_vaults_little_squares_4,
          nicolae_vaults_three_branches, hangedman_vaults_slice, v_misc_13,
          v_misc_5, vaults_dpeg_doors, ontoclasm_vaults_chip, vaults_room_pools,
          vaults_standard_mumra_lines, nicolae_vaults_little_squares_1,
          nicolae_vaults_statue_guard, layout_vaults_omnicross, uniq_mennas,
          uniq_donald
Vaults:3: minmay_crypt_entry_simple_box, kb_rosetta,
          nicolae_vaults_network_square, nicolae_vaults_network_quinsquares
          [nicolae_vaults_network_quincunx_subvault,
          nicolae_vaults_network_quincunx_subvault,
          nicolae_vaults_network_quincunx_subvault,
          nicolae_vaults_network_quincunx_subvault],
          ontoclasm_vaults_loading_screen, v_misc_13,
          nicolae_vaults_ring_of_whatevers, vaults_standard_mumra_x,
          hangedman_vaults_cutoff, layout_vaults_big_room, uniq_jory
Vaults:4: vaults_room_fancy_cross, v_misc_19, vaults_mumra_chevron,
          nicolae_vaults_theta, nicolae_vaults_puzzle_piece,
          nicolae_vaults_diagonal_hallway_9, v_alt_pattern_3, vaults_dpeg_hooks,
          v_rooms_1, nicolae_vaults_triangles, vaults_dpeg_spiral,
          layout_vaults_maze_bifur
Vaults:5: serial_shops
Crypt:1:  layout_misc_corridors, st_stairs_9, due_unseen_surprise,
          uniq_frederick
Crypt:2:  gammafunk_the_bubble [the_bubble_gammafunk_grid], layout_rooms,
          ebering_ghost_rock_garden, skrybe_necro_troll_1, uniq_saint_roka
Crypt:3:  cryptofortress_bobbens, uniq_sojobo
Tomb:1
Tomb:2
Depths:1: layout_forbidden_donut, pf_hell_entry_tar_spiral, serial_shops,
          shop_statue, shop, lemuel_round_altar, library_closet,
          grunt_decor_one_mirror, kennysheep_small_circle, minmay_shop_grove,
          kennysheep_random_hallway, serial_bayou_shore_b
Depths:2: grunt_runaround [grunt_runaround_doors_1, grunt_runaround_doors_2,
          grunt_runaround_doors_3, grunt_runaround_doors_4,
          grunt_runaround_loot], hell_entry, pan_entry, abyss_entry,
          uniq_bai_suzhen
Depths:3: minmay_open_boxes_in_corner, layout_basic, enter_ziggurat_c,
          serial_rivers, chequers_serial_rivers_room_b,
          chequers_serial_rivers_room_b, chequers_serial_rivers_micro_c,
          chequers_serial_rivers_small_3, chequers_serial_rivers_small_3,
          chequers_serial_rivers_large_a, pan_entry, hell_entry
Depths:4: minmay_nested_s, layout_long_grid,
          nicolae_abyss_entry_one_way_or_another, hell_entry,
          hangedman_abyss_or_decor_stagger
Depths:5: evilmike_zot_entry_gauntlet, layout_cave_pools, lemuel_round_altar,
          rand_demon_pan_entry_4, hell_entry, nicolae_two_hexagons,
          serial_bayou_shore_a, minmay_shop_star, uniq_xtahua

Skill      XL: |  1  2  3  4  5  6  7  8  9 10 11 12 13 14 15 16 17 18 19 20 21 22 23 24 25 26 |
---------------+-------------------------------------------------------------------------------+-----
Fighting       | 4 5 6 7 9 11 12 13 14 15 17 18 19 21 22 23 25 | 25.8
Shields        | 1 2 |  2.3
Armour         | 1 2 5 8 9 10 12 13 14 16 17 18 | 18.7
Invocations    | 6 10 | 10.8
Maces & Flails | 6 11 14 17 19 21 22 23 24 25 27 | 27.0
Dodging        | 4 6 7 9 10 11 13 | 13.8
Stealth        | |  1.7
Unarmed Combat | |  2.6

Action                   |  1- 3 |  4- 6 |  7- 9 | 10-12 | 13-15 | 16-18 | 19-21 | 22-24 | 25-27 || total
-------------------------+-------+-------+-------+-------+-------+-------+-------+-------+-------++-------
Melee: Unarmed           |   233 |   398 |    39 |       |    19 |       |       |       |       ||   689
       Falchion          |       |       |    12 |       |       |       |       |       |       ||    12
       Long sword        |       |       |    14 |     6 |       |       |       |       |       ||    20
       Mace              |       |       |       |     5 |       |       |       |       |       ||     5
       Great mace        |       |       |       |     2 |   766 |  1073 |   752 |  1012 |   936 ||  4541
       Headbutt          |       |       |       |     1 |   193 |   294 |   240 |   322 |   254 ||  1304
       Punch             |       |       |       |       |     1 |       |       |       |       ||     1
Invok: Minor Destruction |       |       |   275 |   743 |     1 |       |       |       |       ||  1019
       Lesser Servant of |       |       |       |     1 |     1 |       |       |       |       ||     2
       Greater Servant o |       |       |       |       |     1 |       |       |       |     1 ||     2
Evoke: Wand              |       |       |       |       |     1 |       |     2 |       |       ||     3
  Use: Scroll            |     3 |       |       |     5 |    27 |     8 |    12 |    13 |     9 ||    77
       Potion            |       |     1 |       |       |     5 |       |    12 |       |    10 ||    28
 Stab: Sleeping          |     7 |     1 |       |       |       |       |       |       |       ||     8
       Distracted        |       |     1 |       |       |     7 |    10 |    13 |     1 |     5 ||    37
       Invisible         |       |       |       |       |       |       |       |     1 |       ||     1
Armor: Robe              |    22 |       |       |       |       |       |       |       |       ||    22
       Ring mail         |    52 |   128 |       |       |       |       |       |       |       ||   180
       Chain mail        |       |    22 |    85 |   177 |   284 |       |       |       |       ||   568
       Plate armour      |       |       |       |       |   211 |   928 |   469 |   555 |   631 ||  2794
       Troll leather arm |       |       |       |       |    36 |       |       |       |       ||    36
Dodge: Dodged            |   122 |   134 |    31 |    86 |   366 |   523 |   351 |   588 |   558 ||  2759
Block: Kite shield       |    26 |   150 |    76 |   301 |       |       |       |       |       ||   553
       Reflection        |       |       |       |    19 |       |       |       |       |       ||    19
       Other             |       |       |       |       |    20 |       |       |    10 |     7 ||    37
       Rpst.: Long sword |       |       |     4 |     8 |       |       |       |       |       ||    12
       Falchion          |       |       |     2 |       |       |       |       |       |       ||     2

Table legend: (Time is in decaauts)
 A = Elapsed time spent in this place.
 B = Non-inter-level travel time spent in this place.
 C = Inter-level travel time spent in this place.
 D = Time resting spent in this place.
 E = Time spent auto-exploring this place.
 F = Levels seen in this place.
 G = Mean time per level.
                   A        B        C        D        E       F      G
               +--------+--------+--------+--------+--------+-----+--------+
         Total |  60868 |  53163 |   7705 |   6517 |  33459 |  61 |  997.8 |
       Dungeon |  18553 |  15679 |   2874 |   1389 |  10743 |  15 | 1236.9 |
        Temple |     62 |     54 |      8 |      0 |     44 |   1 |   62.0 |
          Lair |   7060 |   5468 |   1592 |    492 |   3965 |   6 | 1176.7 |
        Shoals |   3717 |   3498 |    219 |     71 |   2409 |   4 |  929.2 |
   Spider Nest |   5506 |   4944 |    562 |   1638 |   2265 |   4 | 1376.5 |
    Slime Pits |   3248 |   3067 |    181 |    903 |   1511 |   5 |  649.6 |
  Orcish Mines |   2261 |   1797 |    464 |     67 |   1179 |   2 | 1130.5 |
   Elven Halls |   2701 |   2537 |    164 |    103 |   1749 |   3 |  900.3 |
        Vaults |   6090 |   5482 |    608 |    274 |   3932 |   5 | 1218.0 |
         Crypt |   2273 |   2086 |    187 |      2 |   1349 |   3 |  757.7 |
          Tomb |   2278 |   2214 |     64 |   1298 |    526 |   2 | 1139.0 |
        Depths |   5690 |   4911 |    779 |    149 |   3414 |   5 | 1138.0 |
         Abyss |   1031 |   1031 |      0 |     32 |    259 |   5 |  206.2 |
        Bailey |    393 |    393 |      0 |     98 |    112 |   1 |  393.0 |
               +--------+--------+--------+--------+--------+-----+--------+

Top non-repeatable levels by time:
  Tomb:1: 2251 daAuts
Spider:1: 2005 daAuts
     D:3: 1785 daAuts
    D:12: 1758 daAuts
     D:1: 1708 daAuts
Vaults:1: 1544 daAuts
    D:11: 1514 daAuts
    D:14: 1509 daAuts
  Lair:2: 1496 daAuts
     D:2: 1490 daAuts
    D:10: 1358 daAuts
  Lair:6: 1328 daAuts
Vaults:2: 1326 daAuts
Spider:4: 1299 daAuts
Depths:2: 1283 daAuts
